 Dungeon Crawl Stone Soup version 0.31-a0-986-g5e6e4ef867 (webtiles) character file.

Game seed: 5168894070683168498

150 sammy202020 the Ruffian (level 5, 39/39 HPs)
             Began as a Demonspawn Shapeshifter on Nov 14, 2023.
             Quit the game on level 2 of the Dungeon.
             The game lasted 00:03:11 (1882 turns).

sammy202020 the Ruffian (Demonspawn Shapeshifter)   Turns: 1882, Time: 00:03:11

Health: 39/39      AC:  6    Str: 17    XL:     5   Next: 10%
Magic:  4/4        EV: 11    Int: 11    God:
Gold:   982        SH:  4    Dex: 12    Spells: 4/4 levels left

rFire   . .          .
                       - Unarmed
rCold   . . .        (no shield)
rNeg    . . .        f - +1 ring mail
rPois   .            (helmet currently unavailable)
rElec   .            (cloak currently unavailable)
rCorr   .            (gloves currently unavailable)
SInv    .            (boots currently unavailable)
Will    .....        (no amulet)
Stlth   +            (no ring)
HPRegen 0.26/turn    (no ring)
MPRegen 0.09/turn

%: no passive effects
@: beast-form
A: beast (slay +1), horns 1, large bone plates 1, spiny 1, low MP 1, inability
to read after injury 1
a: Begin Untransformation


You were on level 2 of the Dungeon.
You were a hulking beast.
You visited 1 branch of the dungeon, and saw 2 of its levels.

You collected 982 gold pieces.

Inventory:

Missiles
 i - a throwing net
Armour
 a - a +0 animal skin
 f - a +1 ring mail (worn)
 g - a +0 pair of boots
 m - a +0 pair of gloves
 n - a +0 cloak
Talismans
 c - a beast talisman
 d - a flux talisman
Scrolls
 e - 5 scrolls of identify
Potions
 b - a potion of lignification
 h - 2 potions of resistance


   Skills:
 * Level 2.5 Fighting
 + Level 1.3 Armour
 + Level 2.2 Dodging
 * Level 3.5 Unarmed Combat
 * Level 3.4 Shapeshifting


You had 4 spell levels left.
You didn't know any spells.
Your spell library contained the following spells:

 Spells                   Type           Power      Damage    Failure   Level
 Freeze                   Ice            0%         1d3       54%         1
 Sublimation of Blood     Necr           0%         N/A       69%         2
 Wereblood                Tmut           0%         N/A       69%         2
 Frozen Ramparts          Ice            0%         1d1       89%         3
 Hailstorm                Conj/Ice       0%         3d3       89%         3
 Inner Flame              Hex/Fire       0%         N/A       89%         3
 Yara's Violent Unravell  Hex/Tmut       0%         3d3       100%        5
 Enfeeble                 Hex            0%         N/A       100%        7
 Summon Hydra             Summ           0%         N/A       100%        7


Dungeon Overview and Level Annotations

Branches:
Dungeon (2/15)

Altars:


Innate Abilities, Weirdness & Mutations

You are a hulking beast.
Your limbs bulge with bestial killing power. (Slay +1)
You have a pair of small horns on your head.
You are partially covered in large bone plates. (SH +4)
You are partially covered in sharp spines.
Your magical capacity is low. (-10% MP)
You occasionally lose the ability to read scrolls when taking damage.


Message History

Crazy Yiuf is lightly wounded.
Crazy Yiuf barely misses you.
You hit Crazy Yiuf.
You headbutt Crazy Yiuf, but do no damage.
Crazy Yiuf is moderately wounded.
You block Crazy Yiuf's attack.
You hit Crazy Yiuf. Your headbutt misses Crazy Yiuf.
Crazy Yiuf is heavily wounded.
Crazy Yiuf barely misses you.
You hit Crazy Yiuf.
Crazy Yiuf is severely wounded.
You hit Crazy Yiuf.
You kill Crazy Yiuf!
You have reached level 5!
There is an open translucent door here.
Things that are here:
a +2 quarterstaff of chaos; a +0 cloak
n - a +0 cloak
As you read the scroll labelled JUGOC DAUZUSUI, it crumbles to dust.
It is a scroll of identify.
h - 2 potions of resistance
As you read the scroll of identify, it crumbles to dust.
j - 2 potions of mutation
Okay, then.
As you read the scroll labelled COOSUY CUCWUSS, it crumbles to dust.
It is a scroll of amnesia.
You feel forgetful for a moment.
As you read the scroll labelled IDWITR PIAXE, it crumbles to dust.
You feel strangely unstable.
It was a scroll of teleportation.
Your surroundings suddenly seem different.
You feel extremely strange.
You feel clever.
You occasionally lose the ability to drink potions when taking damage.
Okay, then.
You feel extremely strange.
You no longer become unable to drink potions after taking damage.
You feel stupid.
You occasionally lose the ability to read scrolls when taking damage.
You feel less energetic.
Are you sure you want to abandon this character and quit the game? (Confirm with "yes".)

######### #.)...... #.#######
#.#<# # ##################
#.#.##### .................#
#.#.....# ################'##
#.#.###.# #..........# #.h.#
#.#...#.# #.########.# #...#
#.#.#...# #.##.#...#.# #...#
#.#.##### ..##..<....# #|..#
#.#......
####.###.######...#######.#######
................>................
..##.###.#######.########.#######
..##.#.#.............# #.# #
..##.#...#........##.# #.#######


There were no monsters in sight!

Vanquished Creatures
  Crazy Yiuf (D:2)
  Natasha (thrice) (D:2)
  An adder (D:2)
  A dart slug (D:1)
  7 ball pythons
  3 endoplasms (D:2)
  5 giant cockroaches
  A goblin (D:1)
  3 hobgoblins (D:2)
  A quokka (D:1)
  5 bats
  7 kobolds
  A rat (D:1)
39 creatures vanquished.

Notes
Turn   | Place    | Note
-------+----------+-------------------------------------------
     0 | D:1      | sammy202020 the Demonspawn Shapeshifter began the quest for
                  | the Orb.
     0 | D:1      | Reached XP level 1. HP: 15/15 MP: 1/1
     2 | D:1      | Noticed a spriggan
     4 | D:1      | Noticed a felid
     9 | D:1      | Noticed a felid
    11 | D:1      | Noticed a merfolk zombie
    13 | D:1      | Noticed an ogre
    17 | D:1      | Noticed an elf
   144 | D:1      | Gained mutation: You have a pair of small horns on your
                  | head. [demonic ancestry]
   144 | D:1      | Reached XP level 2. HP: 10/21 MP: 2/2
   338 | D:1      | Found a faded altar of an unknown god.
   889 | D:1      | Identified a scroll of acquirement
   889 | D:1      | Acquired 883 gold pieces
  1019 | D:2      | Gained mutation: You are partially covered in large bone
                  | plates. (SH +4) [demonic ancestry]
  1019 | D:2      | Reached XP level 3. HP: 25/27 MP: 3/3
  1078 | D:2      | Noticed Natasha
  1088 | D:2      | Killed Natasha
  1148 | D:2      | Noticed Natasha
  1153 | D:2      | Killed Natasha
  1154 | D:2      | Reached skill level 1 in Armour
  1154 | D:2      | Gained mutation: You are partially covered in sharp spines.
                  | [demonic ancestry]
  1154 | D:2      | Reached XP level 4. HP: 33/33 MP: 4/4
  1459 | D:2      | Noticed Natasha
  1465 | D:2      | Killed Natasha
  1630 | D:2      | Found a runed translucent door.
  1631 | D:2      | Noticed Crazy Yiuf
  1871 | D:2      | Killed Crazy Yiuf
  1872 | D:2      | Reached XP level 5. HP: 39/39 MP: 5/5
  1880 | D:2      | Gained mutation: Your mind is acute. (Int +4, Str/Dex -1)
                  | [potion of mutation]
  1880 | D:2      | Gained mutation: You occasionally lose the ability to drink
                  | potions when taking damage. [potion of mutation]
  1881 | D:2      | Lost mutation: You occasionally lose the ability to drink
                  | potions when taking damage. [potion of mutation]
  1881 | D:2      | Lost mutation: Your mind is acute. (Int +4, Str/Dex -1)
                  | [potion of mutation]
  1881 | D:2      | Gained mutation: You occasionally lose the ability to read
                  | scrolls when taking damage. [potion of mutation]
  1881 | D:2      | Gained mutation: Your magical capacity is low. (-10% MP)
                  | [potion of mutation]
  1882 | D:2      | Quit the game

Illustrated notes

Levels and vault maps discovered:
D:1:      shiori_arrival_whats_in_store_for_you, layout_loops_ring,
          shapermc_ecumenical_altar_totnotflames
D:2:      layout_basic, uniq_crazy_yiuf_cottage, uniq_natasha

Skill      XL: |  1  2  3 |
---------------+----------+-----
Unarmed Combat | 3 |  3.5
Shapeshifting  | 3 |  3.4
Fighting       | 2 |  2.5
Dodging        | 2 |  2.2
Armour         | 1 |  1.3

Action                     |  1- 3 |  4- 6 || total
---------------------------+-------+-------++-------
  Melee: Unarmed           |    96 |    21 ||   117
         Headbutt          |     9 |     4 ||    13
         Punch             |     4 |       ||     4
    Use: Scroll            |     4 |     4 ||     8
         Potion            |       |     2 ||     2
 Armour: Animal skin       |    19 |       ||    19
         Ring mail         |    47 |     7 ||    54
  Dodge: Dodged            |    43 |    10 ||    53
  Block: Other             |     3 |     2 ||     5

Table legend: (Time is in decaauts)
 A = Elapsed time spent in this place.
 B = Non-inter-level travel time spent in this place.
 C = Inter-level travel time spent in this place.
 D = Time resting spent in this place.
 E = Time spent auto-exploring this place.
 F = Levels seen in this place.
 G = Mean time per level.
                   A        B        C        D        E       F      G
               +--------+--------+--------+--------+--------+-----+--------+
         Total |   1875 |   1856 |     19 |    148 |   1360 |   2 |  937.5 |
       Dungeon |   1875 |   1856 |     19 |    148 |   1360 |   2 |  937.5 |
               +--------+--------+--------+--------+--------+-----+--------+

Top non-repeatable levels by time:
     D:2: 964 daAuts
     D:1: 911 daAuts
